 Dungeon Crawl Stone Soup version 0.29-a0-333-gb4c28e87c6 (webtiles) character file.

Game seed: 5004727020520863005

23 Jortsu the Skirmisher (level 2, 0/24 HPs)
             Began as a Demonspawn Fighter on Apr 13, 2022.
             Succumbed to an adder's poison
             ... on level 2 of the Dungeon.
             The game lasted 00:01:16 (362 turns).

Jortsu the Skirmisher (Demonspawn Fighter)           Turns: 362, Time: 00:01:16

Health: 0/24       AC: 10    Str: 16    XL:     2   Next: 75%
Magic:  2/2        EV:  6    Int:  9    God:
Gold:   37         SH:  4    Dex: 12    Spells: 1/1 levels left

rFire   . . .      SeeInvis .   a - +0 war axe
rCold   . . .      Faith    .   c - +0 buckler
rNeg    . . .      Spirit   .   g - +0 chain mail
rPois   .          Reflect  .   (no helmet)
rElec   .          Harm     .   (no cloak)
rCorr   .          Rampage  .   (no gloves)
Will    .....                   h - +0 pair of boots
Stlth   ..........              (no amulet)
HPRegen 0.08/turn               (no ring)
MPRegen 0.08/turn               (no ring)

@: lethally poisoned (0 -> -1)
A: powered by death 1
a: no special abilities


You were on level 2 of the Dungeon.
You visited 1 branch of the dungeon, and saw 2 of its levels.

You collected 37 gold pieces.

Inventory:

Hand Weapons
 a - a +0 war axe (weapon)
Armour
 c - a +0 buckler (worn)
 g - a +0 chain mail (worn)
 h - a +0 pair of boots (worn)
Scrolls
 b - a scroll of identify {unknown}
 f - a scroll of vulnerability {unknown}
Potions
 d - a potion of might
 e - a potion of brilliance {unknown}


   Skills:
 + Level 3.3 Fighting
 + Level 2.0 Axes
 + Level 3.0 Armour
 + Level 3.0 Shields


You had one spell level left.
You didn't know any spells.
Your spell library was empty.

Dungeon Overview and Level Annotations

Branches:
Dungeon (1/15)

Altars:


Innate Abilities, Weirdness & Mutations

You regenerate a little health from kills.


Message History

You hit the jackal.
The jackal is moderately wounded.
You block the jackal's attack. The jackal bites you.
The jackal bites you but does no damage.
You slash the jackal!
You kill the jackal!
The adder bites you but does no damage.
Your Shields skill increases to level 3!
You barely miss the adder. The adder bites you.
You are poisoned.
The adder poisons you! The adder bites you.
You hit the adder.
The adder is heavily wounded.
You feel sick. You block the adder's attack. The adder bites you.
You barely miss the adder.
The adder is heavily wounded.
You feel sick. The adder bites you.
You are more poisoned.
The adder poisons you! The adder bites you but does no damage.
You barely miss the adder.
The adder is heavily wounded.
You feel very sick. The adder bites you but does no damage.
The adder barely misses you.
You hit the adder.
The adder is heavily wounded.
You feel sick. The adder bites you.
* * * LOW HITPOINT WARNING * * *
The adder barely misses you.
You miss the adder.
The adder is heavily wounded.
* * * LOW HITPOINT WARNING * * *
You feel sick. The adder bites you.
* * * LOW HITPOINT WARNING * * *
You closely miss the adder.
The adder is heavily wounded.
* * * LOW HITPOINT WARNING * * *
You feel sick.
The adder bites you but does no damage. x2
You closely miss the adder.
The adder is heavily wounded.
You die...

#######
...#######.......
#.....>.@Sh...#
#..####.##....#
........# ....#
#..#....# .####
#.......# .#
...#.#..# .#
#........ .#
#.##....# .. #
###..#


You could see an adder and a jackal.

Vanquished Creatures
  3 endoplasms (D:1)
  A giant cockroach (D:1)
  2 goblins (D:1)
  A hobgoblin (D:1)
  5 jackals
  4 ball pythons (D:1)
  A frilled lizard (D:1)
  4 rats (D:1)
21 creatures vanquished.

Notes
Turn   | Place    | Note
-------+----------+-------------------------------------------
     0 | D:1      | Jortsu the Demonspawn Fighter began the quest for the Orb.
     0 | D:1      | Reached XP level 1. HP: 18/18 MP: 1/1
     3 | D:1      | Noticed an electric eel
     4 | D:1      | Noticed an electric eel
   116 | D:1      | Gained mutation: You regenerate a little health from kills.
                  | [demonic ancestry]
   116 | D:1      | Reached XP level 2. HP: 24/24 MP: 2/2
   340 | D:1      | You fall into a shaft and drop 1 floor!
   361 | D:2      | HP: 1/24 [poisoned by an adder]
   362 | D:2      | Succumbed to an adder's poison

Illustrated notes

Levels and vault maps discovered:
D:1:      arrival_aquarium_b, layout_rooms, shapermc_ecumenical_altar_petra,
          kennysheep_minor_cross
D:2:      layout_loops_cross, minivault_24, chequers_garden

Skill      XL: |  1  2 |
---------------+-------+-----
Axes           | 2 |  2.0
Armour         | 3 |  3.0
Shields        | 3 |  3.0
Fighting       | |  3.3

Action                   || total
-------------------------++-------
Melee: War axe           ||    52
Armor: Scale mail        ||     8
       Chain mail        ||    27
Dodge: Dodged            ||    15
Block: Buckler           ||    20

Table legend: (Time is in decaauts)
 A = Elapsed time spent in this place.
 B = Non-inter-level travel time spent in this place.
 C = Inter-level travel time spent in this place.
 D = Time resting spent in this place.
 E = Time spent auto-exploring this place.
 F = Levels seen in this place.
 G = Mean time per level.
                   A        B        C        D        E       F      G
               +--------+--------+--------+--------+--------+-----+--------+
         Total |    384 |    384 |      0 |      0 |    213 |   2 |  192.0 |
       Dungeon |    384 |    384 |      0 |      0 |    213 |   2 |  192.0 |
               +--------+--------+--------+--------+--------+-----+--------+

Top non-repeatable levels by time:
     D:1: 355 daAuts
     D:2: 28 daAuts
